 Dungeon Crawl Stone Soup version 0.19.1 (webtiles) character file.

48849 Host24 the Sharpshooter (level 14, -6/88 HPs)
             Began as a Kobold Hunter on Mar 30, 2017.
             Was a High Priest of Okawaru.
             Mangled by an eight-headed hydra (13 damage)
             ... on level 5 of the Lair of Beasts.
             The game lasted 01:20:33 (22787 turns).

Host24 the Sharpshooter (Kobold Hunter)            Turns: 22787, Time: 01:20:33

Health: -6/88      AC: 15    Str: 14    XL:     14   Next: 89%
Magic:  20/20      EV: 35    Int: 12    God:    Okawaru [*****.]
Gold:   1045       SH:  0    Dex: 21    Spells: 2 memorised, 10 levels left

rFire  + . .     SeeInvis .     Z - +0 arbalest
rCold  + . .     Gourm    .     c - +3 leather armour of Cheibriados's Regard {rF+ rC+ MR+}
rNeg   . . .     Faith    .     (shield currently unavailable)
rPois  +         Spirit   .     l - +2 hat
rElec  .         Reflect  .     V - +2 cloak {MR+}
rCorr  .         Harm     .     e - +0 pair of gloves
MR     +++..     Rnd*Rage +     N - +1 pair of boots {Fly}
Stlth  +++.......               (no amulet)
                                T - ring of poison resistance
                                j - +3 ring of evasion

@: mighty, heroism, flying
A: berserk 1, carnivore 3, frail 1, slow regeneration 1
a: Heroism, Finesse, Renounce Religion, Stop Flying


You were on level 5 of the Lair of Beasts.
You worshipped Okawaru.
Okawaru was extremely pleased with you.
You were completely stuffed.

You visited 3 branches of the dungeon, and saw 16 of its levels.
You also visited: Sewer and Ice Cave.

You collected 1045 gold pieces.

Inventory:

Hand Weapons
 m - the +9 dagger of Chilly Death {flash freeze, rPois rF- rC++ MR+}
   (You found it on level 1 of the Lair of Beasts)

   It has been specially enchanted to freeze those struck by it, causing extra
   injury to most foes and up to half again as much damage against particularly
   susceptible opponents.
   It can also slow down cold-blooded creatures.
   It makes you vulnerable to fire.
   It greatly protects you from cold.
   It protects you from poison.
   It affects your resistance to hostile enchantments.
 D - a +0 spear
 Z - a +0 arbalest (weapon)
Missiles
 d - 98 bolts (quivered)
Armour
 c - the +3 leather armour of Cheibriados's Regard (worn) {rF+ rC+ MR+}
   (You found it on level 6 of the Dungeon)

   It protects you from fire.
   It protects you from cold.
   It affects your resistance to hostile enchantments.
 e - a +0 pair of gloves (worn)
 g - the +5 shield "Eteschy" {rElec rPois Regen+ Dex-5}
   (Okawaru gifted it to you on level 5 of the Lair of Beasts)

   It affects your dexterity (-5).
   It insulates you from electricity.
   It protects you from poison.
   It increases your rate of regeneration.
 l - a +2 hat (worn)
 N - a +1 pair of boots of flying (worn)
 V - a +2 cloak of magic resistance (worn)
Jewellery
 j - a +3 ring of evasion (left hand)
 T - a ring of poison resistance (right hand)
Wands
 a - a wand of acid (11/15)
 b - a wand of slowing (11/48)
 q - a wand of lightning (10/15)
 G - a wand of confusion (20/48)
 J - a wand of acid (5/15)
 L - a wand of teleportation (7/9)
 W - a wand of digging (13/24)
Scrolls
 u - 7 scrolls of teleportation
 y - 2 scrolls of fog
 B - 2 scrolls of silence
 M - 5 scrolls of magic mapping
 Q - a scroll of blinking
Potions
 o - a potion of berserk rage
 w - a potion of might
 U - a potion of curing
 X - 2 potions of lignification
Miscellaneous
 O - a phantom mirror
Comestibles
 f - 6 meat rations
 h - 12 chunks of flesh


   Skills:
 - Level 15.0(20.0) Fighting
 + Level 16.0(21.0) Crossbows
 - Level 14.1(19.1) Dodging
 - Level 1.3(6.3) Stealth
 - Level 8.0 Invocations


You had 10 spell levels left.
You knew the following spells:

 Your Spells              Type           Power        Failure   Level  Hunger
a - Animate Skeleton      Necr           N/A          38%         1    ##.....
b - Blink                 Tloc           N/A          65%         2    ###....


Dungeon Overview and Level Annotations

Branches:
Dungeon (9/15)             Temple (1/1) D:6            Lair (6/6) D:8
  Swamp (0/4) Lair:2        Snake (0/4) Lair:2
  Slime: Lair:5-6       Orc: D:9-12

Altars:
Ashenzari
Cheibriados
Dithmenos
Fedhas
Gozag
Hepliaklqana
Kikubaaqudgha
Makhleb
Nemelex Xobeh
Okawaru
Qazlal
Ru
Sif Muna
Trog
Uskayaw
Vehumet
Xom
Yredelemnul
Zin
The Shining One

Shops:
D:9 %

Annotations:
Lair:6 Nessos


Innate Abilities, Weirdness & Mutations

You are small and have problems with some larger weapons.
You are carnivorous and can eat meat at any time.
You tend to lose your temper in combat.
You are frail. (-10% HP)
You regenerate slowly when monsters are visible.


Message History

The eight-headed hydra barely misses you.
The eight-headed hydra bites you.
* * * LOW HITPOINT WARNING * * *
The eight-headed hydra closely misses you. x2
The eight-headed hydra misses you.
The eight-headed hydra closely misses you.
The eight-headed hydra completely misses you. x2
You feel very mighty all of a sudden.
The eight-headed hydra completely misses you. x2
The eight-headed hydra bites you!
* * * LOW HITPOINT WARNING * * *
The eight-headed hydra bites you.
* * * LOW HITPOINT WARNING * * *
The eight-headed hydra misses you.
The eight-headed hydra closely misses you.
The eight-headed hydra bites you.
* * * LOW HITPOINT WARNING * * *
The eight-headed hydra completely misses you.
The eight-headed hydra bites you!
You die...

##..P## ##...# ##..####
#.#.## #..## #.#..#.# ##...#
##..# #.....## ##..# ##..#
#.....# ##..##
#..####.....## #.#..#
##....#.......#
#...#######...###....(..##
#.....#...P...##.#..(...>##
................@D.(......#
#.....P.P...#....#..##....#
##........##.P.P##P.P#....#
....###.P.##..........P...##
##...###P...........P...#..#
##.#####.....###.#........#
##.....#..#...# #####...P..#
#.............# ##.....##
..............# #..#####


You could see an eight-headed hydra.

Vanquished Creatures
  2 hydras
  An ice dragon (Lair:1)
  5 death yaks
  A queen ant (Lair:5)
  A necromancer (IceCv)
  4 elephants (Lair:3)
  3 ice statues (IceCv)
  A black mamba (Lair:1)
  3 rime drakes
  7 spiny frogs
  6 ice devils (IceCv)
  6 komodo dragons
  A polar bear (Lair:5)
  4 hippogriffs
  10 blink frogs
  Sigmund (D:3)
  A human (D:6)
  17 yaks
  2 basilisks
  3 hogs (D:7)
  2 vampire mosquitoes (Lair:5)
  Edmund (D:4)
  7 soldier ants
  10 water moccasins
  6 porcupines
  3 sky beasts
  2 black bears
  25 ice beasts
  18 wolves
  6 ogres
  A phantom (D:6)
  A centaur (D:8)
  13 crocodiles
  A big kobold (D:7)
  Blork the orc (D:4)
  A gnoll sergeant (D:8)
  17 bullfrogs
  2 scorpions (D:6)
  3 killer bees (D:7)
  4 wights (D:8)
  A howler monkey (D:5)
  2 electric eels
  3 crimson imps
  A bullfrog zombie (D:5)
  A quasit (D:9)
  A draconian simulacrum (IceCv)
  Crazy Yiuf (D:5)
  2 jellies
  4 orc priests
  4 hounds
  2 bullfrog skeletons (D:5)
  A centaur skeleton (D:5)
  Terence (D:2)
  7 iguanas
  9 orc wizards
  8 worker ants
  A spriggan simulacrum (IceCv)
  3 troll simulacra (IceCv)
  3 killer bee zombies
  2 centaur simulacra (IceCv)
  A hound zombie (D:9)
  A worker ant zombie (D:5)
  9 gnolls
  A howler monkey skeleton (D:8)
  A naga simulacrum (IceCv)
  9 adders
  2 ogre simulacra (IceCv)
  2 shadow imps
  5 oozes
  An adder skeleton (D:5)
  2 adder zombies
  4 worms
  3 dart slugs (D:1)
  5 leopard geckos
  29 orcs
  3 ball pythons
  12 bats
  6 giant cockroaches
  7 goblins
  3 hobgoblins
  19 jackals
  10 kobolds
  2 quokkas
  3 frilled lizards
  A jackal zombie (D:6)
  2 leopard gecko skeletons
  2 rats (D:1)
  A fire vortex (Lair:4)
406 creatures vanquished.

Vanquished Creatures (collateral kills)
  2 spiny frogs
  A wyvern (Lair:4)
  A basilisk (Lair:2)
  2 water moccasins
  A soldier ant (Lair:5)
  2 porcupines
  2 wolves
  2 crocodiles
  A bullfrog (Lair:5)
  2 fungi
16 creatures vanquished.

Vanquished Creatures (others)
  A spiny frog (Lair:6)
  12 fungi
  25 plants
38 creatures vanquished.

Grand Total: 460 creatures vanquished

Notes
Turn   | Place    | Note
-------+----------+-------------------------------------------
     0 | D:1      | Host24 the Kobold Hunter began the quest for the Orb.
     0 | D:1      | Reached XP level 1. HP: 12/12 MP: 1/1
    70 | D:1      | Reached skill level 5 in Crossbows
    98 | D:1      | Reached XP level 2. HP: 12/17 MP: 2/2
   721 | D:1      | Reached XP level 3. HP: 21/21 MP: 3/3
  1095 | D:2      | Found a faded altar of an unknown god.
  1467 | D:2      | Reached XP level 4. HP: 27/27 MP: 4/4
  1597 | D:2      | Noticed Terence
  1607 | D:2      | Killed Terence
  1857 | D:3      | Noticed Sigmund
  1870 | D:3      | Reached XP level 5. HP: 31/33 MP: 5/5
  1939 | D:3      | Found an opulent altar of Gozag.
  2061 | D:3      | Killed Sigmund
  2061 | D:3      | Reached XP level 6. HP: 15/41 MP: 6/6
  2943 | D:4      | Found a glowing drain.
  2948 | Sewer    | Entered a sewer
  3973 | D:4      | Reached XP level 7. HP: 42/47 MP: 7/7
  4059 | D:4      | Noticed Blork the orc
  4065 | D:4      | Killed Blork the orc
  4110 | D:4      | Noticed Edmund
  4142 | D:4      | Killed Edmund
  4763 | D:4      | Reached XP level 8. HP: 35/56 MP: 8/8
  4916 | D:5      | Entered Level 5 of the Dungeon
  5568 | D:5      | Reached skill level 10 in Fighting
  5956 | D:5      | Found a runed door.
  5961 | D:5      | Noticed Crazy Yiuf
  5987 | D:5      | Killed Crazy Yiuf
  6730 | D:5      | Learned a level 1 spell: Animate Skeleton
  6783 | D:5      | Reached XP level 9. HP: 61/63 MP: 9/9
  6863 | D:6      | Reached skill level 6 in Crossbows
  7094 | D:6      | Found a staircase to the Ecumenical Temple.
  7108 | Temple   | Entered the Ecumenical Temple
  7305 | D:6      | Found a sacrificial altar of Ru.
  7331 | D:6      | Reached skill level 7 in Crossbows
  7446 | D:6      | Found a burning altar of Makhleb.
  7446 | D:6      | Noticed an Executioner
  7548 | D:5      | Reached skill level 8 in Crossbows
  7859 | D:6      | Reached skill level 9 in Crossbows
  8425 | D:6      | Found a glowing silver altar of Zin.
  8426 | D:6      | Noticed an angel
  8524 | D:6      | Got a faintly glowing leather armour
  8525 | D:6      | Identified the +3 leather armour of Cheibriados's Regard {rF+ rC+ MR+} (You found it on level 6 of the Dungeon)
  8539 | D:6      | Gained mutation: You regenerate slowly when monsters are visible. [potion of mutation]
  8539 | D:6      | Gained mutation: You are frail. (-10% HP) [potion of mutation]
  8539 | D:6      | Gained mutation: You tend to lose your temper in combat. [potion of mutation]
  9017 | D:7      | Reached skill level 10 in Crossbows
  9401 | D:7      | Reached XP level 10. HP: 56/61 MP: 10/10
  9866 | D:6      | Reached skill level 11 in Crossbows
 10027 | D:7      | Found a hazy altar of Hepliaklqana.
 10159 | D:7      | Reached skill level 12 in Crossbows
 10535 | D:8      | Found a stormy altar of Qazlal.
 10579 | D:8      | Found a shimmering altar of Xom.
 10581 | D:8      | Found a staircase to the Lair.
 10817 | D:8      | Found an iron altar of Okawaru.
 10831 | D:8      | Became a worshipper of Warmaster Okawaru
 10940 | D:8      | Found a shattered altar of Ashenzari.
 11099 | D:8      | Reached skill level 13 in Crossbows
 11639 | D:9      | Found Rimytz's Food Shop.
 12102 | D:9      | Reached skill level 5 in Dodging
 12313 | D:9      | Noticed a cyclops
 12316 | D:9      | Noticed a centaur warrior
 12359 | Lair:1   | Entered Level 1 of the Lair of Beasts
 12422 | Lair:1   | Reached * piety under Okawaru
 12653 | Lair:1   | Noticed a rime drake
 12675 | Lair:1   | Killed a rime drake
 12782 | Lair:1   | Reached XP level 11. HP: 39/65 MP: 11/11
 13190 | Lair:1   | Reached skill level 1 in Invocations
 13449 | Lair:1   | Reached ** piety under Okawaru
 14367 | Lair:1   | Noticed an ice dragon
 14828 | Lair:1   | Killed an ice dragon
 14828 | Lair:1   | Reached *** piety under Okawaru
 14828 | Lair:1   | Reached skill level 10 in Dodging
 15085 | Lair:1   | Reached **** piety under Okawaru
 15103 | Lair:1   | Reached skill level 5 in Invocations
 15428 | Lair:1   | Received a gift from Okawaru
 15513 | Lair:2   | Reached skill level 14 in Crossbows
 15580 | Lair:2   | Reached XP level 12. HP: 55/72 MP: 15/15
 15721 | Lair:2   | Found a staircase to the Snake Pit.
 15898 | Lair:2   | Found a staircase to the Swamp.
 16117 | Lair:2   | Reached skill level 15 in Crossbows
 16789 | Lair:3   | Reached ***** piety under Okawaru
 17153 | Lair:3   | Reached skill level 16 in Crossbows
 17575 | Lair:4   | Noticed a death yak
 17668 | Lair:4   | Noticed a six-headed hydra
 17677 | Lair:4   | Killed a six-headed hydra
 17677 | Lair:4   | Received a gift from Okawaru
 18105 | Lair:4   | Noticed a death yak
 18120 | Lair:4   | Noticed a death yak
 18126 | Lair:4   | Noticed a death yak
 18136 | Lair:4   | Noticed a death yak
 18154 | Lair:3   | Killed a death yak
 18451 | Lair:3   | Killed a death yak
 18502 | Lair:4   | Received a gift from Okawaru
 18544 | Lair:4   | Killed a death yak
 18549 | Lair:4   | Killed a death yak
 18570 | Lair:4   | Killed a death yak
 18570 | Lair:4   | Reached XP level 13. HP: 30/78 MP: 16/18
 18612 | Lair:4   | Received a gift from Okawaru
 18931 | Lair:5   | Found a frozen archway.
 19043 | IceCv    | Entered an ice cave
 19932 | IceCv    | Learned a level 2 spell: Blink
 20043 | IceCv    | Got a twisted shortbow
 20122 | Lair:5   | Reached XP level 14. HP: 84/84 MP: 19/19
 21514 | Lair:6   | Entered Level 6 of the Lair of Beasts
 21527 | Lair:5   | Received a gift from Okawaru
 21701 | Lair:6   | Noticed Nessos
 21749 | Lair:6   | Noticed an entropy weaver
 22040 | Lair:5   | Received a gift from Okawaru
 22131 | Lair:6   | Noticed an entropy weaver
 22314 | Lair:5   | Received a gift from Okawaru
 22315 | Lair:5   | Got a warped shield {god gift}
 22322 | Lair:5   | Identified the +5 shield "Eteschy" {rElec rPois Regen+ Dex-5} (Okawaru gifted it to you on level 5 of the Lair of Beasts)
 22752 | Lair:5   | Reached skill level 15 in Fighting
 22787 | Lair:5   | Mangled by an eight-headed hydra

Skill      XL: |  1  2  3  4  5  6  7  8  9 10 11 12 13 14 |
---------------+-------------------------------------------+-----
Crossbows      | 5 10 13 14 16 | 16.0
Dodging        | 3 4 7 10 14 | 14.1
Fighting       | 4 6 8 10 11 12 13 15 | 15.0
Invocations    | 5 6 7 8 |  8.0
Stealth        | |  1.3

Action                   |  1- 3 |  4- 6 |  7- 9 | 10-12 | 13-15 || total
-------------------------+-------+-------+-------+-------+-------++-------
Melee: Short sword       |    77 |   175 |    49 |       |       ||   301
       Hand axe          |       |       |   202 |   407 |       ||   609
       Dagger            |       |       |   223 |   334 |   507 ||  1064
       Quarterstaff      |       |       |    65 |       |       ||    65
 Fire: Hand crossbow     |     7 |    42 |   117 |    86 |     9 ||   261
       Arbalest          |       |       |     1 |   113 |   151 ||   265
Throw: Stone             |     5 |       |     1 |       |       ||     6
 Cast: Animate Skeleton  |       |       |     2 |    23 |    30 ||    55
Invok: Heroism           |       |       |       |     6 |     5 ||    11
  Use: Scroll            |       |     9 |     8 |     5 |     2 ||    24
       Potion            |       |     1 |    16 |     6 |     4 ||    27
 Stab: Sleeping          |     1 |     3 |     4 |     6 |     1 ||    15
       Paralysed         |       |       |     2 |       |       ||     2
       Distracted        |       |       |     2 |     1 |     1 ||     4
  Eat: Chunk             |     7 |    12 |    18 |    33 |    18 ||    88
Armor: Leather armour    |    22 |    86 |   173 |   196 |   100 ||   577
Dodge: Dodged            |    52 |   256 |   420 |  1132 |   843 ||  2703
